 Dungeon Crawl Stone Soup version 0.29-a0-330-g52719c12eb (webtiles) character file.

Game seed: 14960891951430834376

729 tilp the Magician (level 7, -1/51 HPs)
             Began as a Gnoll Hedge Wizard on May 2, 2022.
             Was an Initiate of Ru.
             Slain by a gnoll
             ... wielding a +0 whip
              (8 damage)
             ... on level 5 of the Dungeon.
             The game lasted 00:10:57 (6426 turns).

tilp the Magician (Gnoll Hedge Wizard)              Turns: 6426, Time: 00:10:58

Health: -1/51      AC:  2    Str:  9    XL:     7   Next: 73%
Magic:  27/27      EV: 13    Int: 15    God:    Ru [......]
Gold:   230        SH:  0    Dex: 12    Spells: 20/21 levels left

rFire   . . .      SeeInvis .   b - +2 dagger (venom)
rCold   . . .      Faith    .   (no shield)
rNeg    . . .      Spirit   .   m - +0 robe
rPois   .          Reflect  .   c - +0 hat
rElec   .          Harm     .   (no cloak)
rCorr   .          Rampage  .   (no gloves)
Will    .....                   (no boots)
Stlth   +++.......              (no amulet)
HPRegen 0.17/turn               n - ring of magical power
MPRegen 0.20/turn               (no ring)

@: lethally poisoned (-1 -> -5)
A: fangs 1, strong nose, distributed training
a: Renounce Religion


You were on level 5 of the Dungeon.
You worshipped Ru.
Ru was noncommittal.
You visited 2 branches of the dungeon, and saw 6 of its levels.

You collected 230 gold pieces.

Inventory:

Hand Weapons
 a - a +0 dagger of draining
 b - a +2 dagger of venom (weapon)
 i - a +0 rapier
Missiles
 g - 78 stones
 j - 15 poisoned darts (quivered)
Armour
 c - a +0 hat (worn)
 m - a +0 robe (worn)
Magical Staves
 s - a staff of earth
Jewellery
 n - a ring of magical power (left hand)
Wands
 e - a wand of polymorph (2)
Scrolls
 t - 3 scrolls of teleportation
Potions
 d - 3 potions of magic
 k - 2 potions of curing
 l - a potion of lignification {unknown}
 o - a potion of attraction {unknown}
 p - a potion of cancellation {unknown}
 q - 2 potions of mutation
 r - a potion of brilliance {unknown}


   Skills:
 + Level 2.6 Fighting
 + Level 2.6 Short Blades
 + Level 2.6 Long Blades
 + Level 2.6 Axes
 + Level 2.6 Maces & Flails
 + Level 2.6 Polearms
 + Level 2.6 Staves
 + Level 2.6 Slings
 + Level 2.6 Bows
 + Level 2.6 Crossbows
 + Level 2.6 Throwing
 + Level 2.6 Armour
 + Level 5.3 Dodging
 + Level 5.0 Stealth
 + Level 2.6 Shields
 + Level 2.6 Unarmed Combat
 + Level 7.7 Spellcasting
 + Level 3.1 Conjurations
 + Level 2.1 Hexes
 + Level 3.1 Summonings
 + Level 2.1 Necromancy
 + Level 3.1 Translocations
 + Level 2.1 Transmutations
 + Level 2.1 Fire Magic
 + Level 2.1 Ice Magic
 + Level 2.1 Air Magic
 + Level 2.1 Earth Magic
 + Level 2.1 Poison Magic
 + Level 3.0 Invocations
 + Level 2.6 Evocations


You had 20 spell levels left.
You knew the following spells:

 Your Spells              Type           Power      Damage    Failure   Level
a - Magic Dart            Conj           60%        1d6       3%          1

Your spell library contained the following spells:

 Spells                   Type           Power      Damage    Failure   Level
 Freeze                   Ice            48%        1d7       4%          1
 Slow                     Hex            48%        N/A       4%          1
 Blink                    Tloc           30%        N/A       5%          2
 Call Imp                 Summ           15%        N/A       5%          2
 Conjure Flame            Conj/Fire      13%        6-21      13%         3
 Mephitic Cloud           Conj/Pois/Air  13%        N/A       14%         3
 Frozen Ramparts          Ice            24%        1d4       16%         3
 Hailstorm                Conj/Ice       13%        3d5       38%         4


Dungeon Overview and Level Annotations

Branches:
Dungeon (5/15)             Temple (1/1) D:4

Altars:
Ashenzari
Cheibriados
Dithmenos
Elyvilon
Fedhas
Gozag
Hepliaklqana
Kikubaaqudgha
Makhleb
Nemelex Xobeh
Okawaru
Qazlal
Ru
Sif Muna
Trog
Uskayaw
Vehumet
Wu Jian
Xom
Yredelemnul
Zin

Shops:
D:4 (


Innate Abilities, Weirdness & Mutations

You have very sharp teeth.
Your uncanny sense of smell can sniff out nearby items.
Your experience applies equally to all skills.


Message History

Unknown command.
You closely miss the orc. Your bite misses the orc.
The orc is heavily wounded.
You feel sick. The scorpion closely misses you.
The orc hits you with a +0 hand axe.
Unknown command.
You hit the orc.
The orc is almost dead.
You feel very sick.
You kill the scorpion!
Your Stealth skill increases to level 5!
Unknown command.
You hit the adder.
The adder is poisoned.
You bite the adder, but do no damage.
The adder is lightly wounded.
You feel sick. The orc hits you but does no damage.
The adder completely misses you.
Unknown command.
You hit the adder.
The adder looks even sicker.
Your bite misses the adder.
The adder is heavily wounded.
You feel sick. The adder barely misses you.
A gnoll comes into view. It is wielding a +0 halberd.
The orc hits you with a +0 hand axe.
* * * LOW HITPOINT WARNING * * *
Unknown command.
The gnoll shouts!
You hit the orc.
You kill the orc!
You feel sick. The adder closely misses you.
Your Invocations skill increases to level 3!
Unknown command.
You closely miss the gnoll.
You feel sick.
You kill the adder!
The gnoll barely misses you.
Unknown command.
You hit the gnoll but do no damage.
The gnoll is poisoned.
You punch the gnoll.
The gnoll is lightly wounded.
You feel sick. The gnoll hits you with a +0 flail.
* * * LOW HITPOINT WARNING * * *
The gnoll hits you with a +0 whip!
You die...

#.........#
#........w#
#.....g.# #...s..#
#o.# ##..# #..##
####..# ###
#@gw.##### ####..
##gg.....####.....
#................
#..............<.
##...............
#...........†...
#####......#####
########


You could see 3 gnolls and a dart slug.

Vanquished Creatures
  Sigmund (D:4)
  Duvessa (D:3)
  A scorpion (D:5)
  Dowan (D:3)
  3 hounds
  2 orc priests (D:4)
  An iguana (D:3)
  Robin (D:4)
  3 gnolls
  2 adders
  A worm (D:4)
  2 dart slugs (D:4)
  14 orcs
  7 ball pythons
  9 endoplasms
  3 giant cockroaches (D:2)
  13 hobgoblins
  8 jackals
  5 kobolds
  3 quokkas
  4 bats
  4 frilled lizards
  16 goblins
  13 rats
118 creatures vanquished.

Notes
Turn   | Place    | Note
-------+----------+-------------------------------------------
     0 | D:1      | tilp the Gnoll Hedge Wizard began the quest for the Orb.
     0 | D:1      | Reached XP level 1. HP: 13/13 MP: 8/8
   234 | D:1      | Reached XP level 2. HP: 19/19 MP: 6/10
   403 | D:1      | Found a faded altar of an unknown god.
   945 | D:2      | Reached XP level 3. HP: 25/25 MP: 3/11
  1586 | D:2      | Reached skill level 1 in Invocations
  2366 | D:3      | Reached skill level 1 in Fighting
  2366 | D:3      | Reached skill level 1 in Short Blades
  2366 | D:3      | Reached skill level 1 in Long Blades
  2366 | D:3      | Reached skill level 1 in Axes
  2366 | D:3      | Reached skill level 1 in Maces & Flails
  2366 | D:3      | Reached skill level 1 in Polearms
  2366 | D:3      | Reached skill level 1 in Staves
  2366 | D:3      | Reached skill level 1 in Slings
  2366 | D:3      | Reached skill level 1 in Bows
  2366 | D:3      | Reached skill level 1 in Crossbows
  2366 | D:3      | Reached skill level 1 in Throwing
  2366 | D:3      | Reached skill level 1 in Armour
  2366 | D:3      | Reached skill level 1 in Shields
  2366 | D:3      | Reached skill level 1 in Unarmed Combat
  2366 | D:3      | Reached skill level 1 in Evocations
  2429 | D:3      | Reached XP level 4. HP: 32/32 MP: 13/13
  2693 | D:3      | Reached skill level 1 in Hexes
  2693 | D:3      | Reached skill level 1 in Necromancy
  2693 | D:3      | Reached skill level 1 in Transmutations
  2693 | D:3      | Reached skill level 1 in Fire Magic
  2693 | D:3      | Reached skill level 1 in Ice Magic
  2693 | D:3      | Reached skill level 1 in Air Magic
  2693 | D:3      | Reached skill level 1 in Earth Magic
  2693 | D:3      | Reached skill level 1 in Poison Magic
  3407 | D:4      | Reached XP level 5. HP: 35/37 MP: 14/14
  3644 | D:4      | Found Duotaeh's Weapon Shoppe.
  3754 | D:4      | Found a staircase to the Ecumenical Temple.
  3770 | D:4      | Noticed Robin
  3770 | D:4      | Noticed Duvessa
  3805 | D:4      | Killed Robin
  4143 | D:4      | Noticed Dowan
  4164 | D:4      | Reached XP level 6. HP: 9/44 MP: 16/16
  4765 | Temple   | Entered the Ecumenical Temple
  5342 | Temple   | Became a worshipper of Ru the Awakened
  5478 | D:4      | Noticed Sigmund
  5502 | D:3      | Killed Duvessa
  5503 | D:3      | Reached skill level 5 in Dodging
  5763 | D:3      | Killed Dowan
  6100 | D:4      | Killed Sigmund
  6101 | D:4      | Reached XP level 7. HP: 37/51 MP: 18/18
  6378 | D:5      | Entered Level 5 of the Dungeon
  6422 | D:5      | Reached skill level 5 in Stealth
  6426 | D:5      | Slain by a gnoll

Illustrated notes

Levels and vault maps discovered:
D:1:      giann_forest_graveyard, layout_rooms, basic_ecumenical_altar,
          kennysheep_flooded_box
D:2:      minmay_door_path, layout_loops_corners
D:3:      layout_basic, minivault_4, grunt_decor_one_mirror,
          kennysheep_generic_room_2
D:4:      layout_rooms, minmay_temple_entry_proselytizer, serial_shops, shop,
          uniq_robin, uniq_sigmund, uniq_duvessa
D:5:      layout_cave_pods, serial_bayou_lagoon_b
Temple:   mainiacjoe_temple_starburst

Skill      XL: |  1  2  3  4  5  6  7 |
---------------+----------------------+-----
Conjurations   | 2 3 |  3.1
Summonings     | 2 3 |  3.1
Translocations | 2 3 |  3.1
Invocations    | 1 2 3 |  3.0
Fighting       | 1 2 |  2.6
Short Blades   | 1 2 |  2.6
Long Blades    | 1 2 |  2.6
Axes           | 1 2 |  2.6
Maces & Flails | 1 2 |  2.6
Polearms       | 1 2 |  2.6
Staves         | 1 2 |  2.6
Slings         | 1 2 |  2.6
Bows           | 1 2 |  2.6
Crossbows      | 1 2 |  2.6
Throwing       | 1 2 |  2.6
Armour         | 1 2 |  2.6
Shields        | 1 2 |  2.6
Unarmed Combat | 1 2 |  2.6
Evocations     | 1 2 |  2.6
Hexes          | 1 2 |  2.1
Necromancy     | 1 2 |  2.1
Transmutations | 1 2 |  2.1
Fire Magic     | 1 2 |  2.1
Ice Magic      | 1 2 |  2.1
Air Magic      | 1 2 |  2.1
Earth Magic    | 1 2 |  2.1
Poison Magic   | 1 2 |  2.1
Dodging        | 5 |  5.3
Stealth        | 5 |  5.0
Spellcasting   | |  7.7

Action                   |  1- 3 |  4- 6 |  7- 9 || total
-------------------------+-------+-------+-------++-------
Melee: Dagger            |     4 |    85 |    21 ||   110
       Bite              |     1 |    13 |     3 ||    17
       Punch             |       |     2 |     2 ||     4
       Unarmed           |       |     8 |       ||     8
Throw: Dart              |       |     4 |       ||     4
 Cast: Magic Dart        |   119 |   116 |    15 ||   250
  Use: Scroll            |     6 |     2 |     1 ||     9
       Potion            |       |     2 |       ||     2
 Stab: Sleeping          |       |     1 |     2 ||     3
Armor: Robe              |     4 |     8 |     1 ||    13
Dodge: Dodged            |    17 |    90 |    13 ||   120

Table legend: (Time is in decaauts)
 A = Elapsed time spent in this place.
 B = Non-inter-level travel time spent in this place.
 C = Inter-level travel time spent in this place.
 D = Time resting spent in this place.
 E = Time spent auto-exploring this place.
 F = Levels seen in this place.
 G = Mean time per level.
                   A        B        C        D        E       F      G
               +--------+--------+--------+--------+--------+-----+--------+
         Total |   6398 |   6027 |    371 |   1003 |   4229 |   6 | 1066.3 |
       Dungeon |   5765 |   5503 |    262 |   1003 |   3714 |   5 | 1153.0 |
        Temple |    632 |    523 |    109 |      0 |    515 |   1 |  632.0 |
               +--------+--------+--------+--------+--------+-----+--------+

Top non-repeatable levels by time:
     D:2: 1676 daAuts
     D:4: 1666 daAuts
     D:3: 1492 daAuts
     D:1: 884 daAuts
  Temple: 632 daAuts
     D:5: 45 daAuts
